 Dungeon Crawl Stone Soup version 0.29.1-15-g9cfb28693d (webtiles) character file.

Game seed: 9443959120912031594

252 hawla the Firebug (level 6, -1/69 HPs)
             Began as a Meteoran Fire Elementalist on Feb 21, 2023.
             Slain by a gnoll
             ... wielding a +2 vampiric whip
              (9 damage)
             ... on level 4 of the Dungeon.
             The game lasted 00:08:06 (1243 turns).

hawla the Firebug (Meteoran Fire Elementalist)      Turns: 1243, Time: 00:08:07

Health: -1/69      AC:  2    Str:  9    XL:     6   Next: 64%
Magic:  1/13       EV: 12    Int: 20    God:
Gold:   84         SH:  0    Dex: 14    Spells: 6/13 levels left

rFire   . . .      SeeInvis .   (no weapon)
rCold   . . .      Faith    .   (no shield)
rNeg    . . .      Spirit   .   a - +0 robe
rPois   .          Reflect  .   (no helmet)
rElec   .          Harm     .   (no cloak)
rCorr   .          Rampage  .   (no gloves)
Will    .....                   (no boots)
Stlth   ..........              (no amulet)
HPRegen 0.21/turn               (no ring)
MPRegen 0.13/turn               (no ring)

@: berserking, attractive, glowing, invisible (but backlit and visible), very
quick
A: sense surroundings 1, otherworldly, glowing, explore regen
a: no special abilities


You were on level 4 of the Dungeon.
You visited 2 branches of the dungeon, and saw 5 of its levels.

You collected 84 gold pieces.

Inventory:

Armour
 a - a +0 robe (worn)
Jewellery
 k - the amulet "Sydociav" {rElec rN++ Regen+ Int-2}
   (You found it on level 4 of the Dungeon)

   [amulet of regeneration]

   Int:       It affects your intelligence (-2).
   rElec:     It insulates you from electricity.
   rN:        It greatly protects you from negative energy.
   Regen:     It increases your rate of health regeneration.
Scrolls
 c - 4 scrolls of identify {unknown}
 g - 2 scrolls of teleportation {unknown}
 l - a scroll of fog {unknown}
Potions
 f - a potion of attraction
 i - a potion of heal wounds {unknown}
 j - a potion of cancellation {unknown}


   Skills:
 - Level 0.3 Fighting
 - Level 2.6 Dodging
 - Level 1.4 Stealth
 - Level 4.2 Spellcasting
 + Level 4.6 Conjurations
 - Level 5.3 Fire Magic


You had 6 spell levels left.
You knew the following spells:

 Your Spells              Type           Power      Damage    Failure   Level
a - Foxfire               Conj/Fire      96%        2x1d8     1%          1
b - Scorch                Fire           50%        2d8       1%          2
c - Flame Wave            Conj/Fire      24%        2d8       16%         4

Your spell library contained the following spells:

 Spells                   Type           Power      Damage    Failure   Level
 Conjure Flame            Conj/Fire      24%        6-21      4%          3
 Inner Flame              Hex/Fire       15%        N/A       12%         3
 Blink                    Tloc           8%         N/A       19%         2
 Fireball                 Conj/Fire      12%        3d7       41%         5
 Olgreb's Toxic Radiance  Pois           4%         N/A       77%         4
 Starburst                Conj/Fire      12%        6d5       94%         6
 Manifold Assault         Tloc           4%         N/A       98%         5
 Ozocubu's Refrigeration  Ice            2%         4d7       100%        7
 Storm Form               Tmut/Air       2%         N/A       100%        7
 Ignition                 Fire           12%        3d6       100%        8


Dungeon Overview and Level Annotations

Branches:
Dungeon (4/15) Zot: 1306   Temple (1/1) D:4 Zot: 450

Altars:
Cheibriados
Dithmenos
Elyvilon
Hepliaklqana
Kikubaaqudgha
Nemelex Xobeh
Okawaru
Ru
Sif Muna
Trog
Uskayaw
Wu Jian
Xom
Yredelemnul
Zin
The Shining One


Innate Abilities, Weirdness & Mutations

You passively map a small area around you.
You are easily found by Zot.
You glow in the dark.
You regain HP and MP as you explore.


Message History

Confirm with . or Enter, or press ? or * to list all spells.
You conjure some foxfire!
The gnoll shouts!
The foxfire hits the gnoll.
The gnoll is moderately wounded.
The foxfire hits the gnoll.
The gnoll is heavily wounded.
Casting: Foxfire (safe; 1% risk of failure)
Confirm with . or Enter, or press ? or * to list all spells.
You don't know that spell.
Casting: Foxfire (safe; 1% risk of failure)
Confirm with . or Enter, or press ? or * to list all spells.
You don't have enough magic to cast this spell.
The gnoll hits you with a +2 vampiric whip.
The gnoll draws strength from your wounds!
You hit the gnoll but do no damage.
The gnoll is moderately wounded.
The gnoll hits you with a +2 vampiric whip!
* * * LOW HITPOINT WARNING * * *
The gnoll draws strength from your wounds!
You are too injured to fight recklessly!
It was a potion of attraction.
You feel attractive to monsters.
The gnoll hits you with a +2 vampiric whip.
* * * LOW HITPOINT WARNING * * *
Unknown command.
It was a potion of curing.
You feel better.
The gnoll hits you with a +2 vampiric whip!
* * * LOW HITPOINT WARNING * * *
You feel better.
The gnoll hits you with a +2 vampiric whip!
* * * LOW HITPOINT WARNING * * *
It was a potion of invisibility.
You become transparent, but the glow from your body prevents you from becoming completely invisible.
The gnoll barely misses you.
It was a potion of berserk rage.
A red film seems to cover your vision as you go berserk!
You feel yourself moving faster!
You feel mighty!
The gnoll hits you with a +2 vampiric whip!
You die...

* * * ~ ~ ~ ~ ~~ ~ ~~~ ~ ~ ~ ~
#############################
#..............#.......#....#
#$)............g@)))...#....# ,
#))...........)#########....##
)...########...)......#......#,
g...# #....).....'...)..+
)...########...)))....#......#
#)).).)........#########....##
#..))).........'.... #.)).#,
#..............#.... #....#
#########################''######


You could see a gnoll.

Vanquished Creatures
  A necrophage (D:4)
  2 orc priests (D:4)
  5 gnolls
  A dart slug (D:3)
  6 orcs (D:4)
  A ball python (D:2)
  5 endoplasms
  4 giant cockroaches
  17 goblins
  21 hobgoblins
  4 kobolds
  A quokka (D:1)
  2 frilled lizards
  2 rats
72 creatures vanquished.

Vanquished Creatures (others)
  125 foxfires
125 creatures vanquished.

Grand Total: 197 creatures vanquished

Notes
Turn   | Place    | Note
-------+----------+-------------------------------------------
     0 | D:1      | hawla the Meteoran Fire Elementalist began the quest for
                  | the Orb.
     0 | D:1      | Reached XP level 1. HP: 14/14 MP: 5/5
   164 | D:1      | Reached skill level 4 in Fire Magic
   164 | D:1      | Reached XP level 2. HP: 20/20 MP: 1/7
   224 | D:1      | Reached XP level 3. HP: 14/26 MP: 4/8
   282 | D:2      | Learned a level 2 spell: Scorch
   554 | D:4      | Reached XP level 4. HP: 28/33 MP: 6/10
   563 | D:4      | Reached skill level 5 in Fire Magic
   564 | D:4      | Noticed a necrophage
   581 | D:4      | Killed a necrophage
   582 | D:4      | Reached XP level 5. HP: 34/39 MP: 3/12
   587 | D:4      | Learned a level 4 spell: Flame Wave
   651 | D:4      | Found a staircase to the Ecumenical Temple.
   660 | Temple   | Entered the Ecumenical Temple
   821 | D:4      | Reached XP level 6. HP: 36/46 MP: 3/13
   964 | D:4      | Identified the amulet "Sydociav" {rElec rN++ Regen+ Int-2}
  1243 | D:4      | Slain by a gnoll

Illustrated notes

Levels and vault maps discovered:
D:1:      dpeg_arrival_pond, layout_loops_ring
D:2:      layout_loops_ring
D:3:      layout_rooms, mainiacjoe_overflow_tiny_flanked,
          chequers_serial_rivers_micro_a
D:4:      minmay_goblin_kobold_castle, layout_basic,
          minmay_temple_entry_steel_oval, nicolae_titane
Temple:   eino_temple_rhombus

Skill      XL: |  1  2  3  4  5  6 |
---------------+-------------------+-----
Spellcasting   | 3 4 |  4.2
Fire Magic     | 4 5 |  5.3
Conjurations   | 2 3 4 |  4.6
Fighting       | |  0.3
Dodging        | |  2.6
Stealth        | |  1.4

Action                   |  1- 3 |  4- 6 || total
-------------------------+-------+-------++-------
Melee: Unarmed           |    10 |    12 ||    22
 Cast: Foxfire           |    39 |    37 ||    76
       Scorch            |     4 |     8 ||    12
       Flame Wave        |       |     6 ||     6
  Use: Potion            |       |     6 ||     6
Armor: Robe              |     3 |     9 ||    12
Dodge: Dodged            |    10 |    15 ||    25
